[Event "Titled Tuesday Blitz November 22 Late 2022"]
[White "Goroshkov, Maksym"]
[Black "Robson, Ray"]
[WhiteFideId "14142716"]
[BlackFideId "2023970"]
[WhiteElo "2257"]
[BlackElo "2668"]
[Result "1-0"]
[Round "02"]
[TimeControl "180+1"]
[Date "2022.11.22"]
[WhiteClock "0:01:14"]
[BlackClock "0:00:01"]

1. e4 c5 2. c3 d5 3. exd5 Nf6 4. d4 cxd4 5. cxd4 Nxd5 6. Nf3 g6 7. Nc3 Bg7 8. Bc4 Nb6 9. Bb3 O-O 10. h3 Nc6 11. Be3 Na5 12. O-O Nxb3 13. Qxb3 Be6 14. Qc2 Rc8 15. Rfd1 Nd5 16. Qd2 Nxc3 17. bxc3 Bd5 18. Ne5 Qa5 19. Rdc1 Rfd8 20. Nd3 Be4 21. Nb4 Rc4 22. Qe2 Rdc8 23. Bd2 Bf5 24. Qxe7 R4c7 25. Qe2 Be6 26. Qf3 Rd7 27. Nd3 Bc4 28. Nb2 Bd5 29. Qe2 Qa3 30. Nd3 Re7 31. Qg4 Be6 32. Qf3 Bc4 33. Nc5 b6 34. Ne4 h6 35. Nf6+ Kh8 36. Ng4 Kh7 37. Qf4 h5 38. Nf6+ Kh8 39. Ne4 Bd5 40. Nd6 Rf8 41. Nb5 Qa4 42. Nd6 b5 43. Re1 Rxe1+ 44. Rxe1 Qxa2 45. Nxb5 a5 46. Nc7 Bc4 47. Ne8 a4 48. Nxg7 Kxg7 49. Qh6+ Kg8 50. Bf4 Bd3 51. Bd6 1-0


[Site "https://www.chess.com"]

[Event "Titled Tuesday Blitz November 22 Late 2022"]
[White "Graif, William"]
[Black "Marchesich, Giovanni"]
[WhiteFideId "2609835"]
[BlackFideId "2824790"]
[WhiteElo "2205"]
[BlackElo "2200"]
[Result "0-1"]
[Round "02"]
[TimeControl "180+1"]
[Date "2022.11.23"]
[WhiteClock "0:00:01"]
[BlackClock "0:00:10"]

1. e4 d6 2. Nc3 g6 3. f4 Bg7 4. Bc4 Nh6 5. Nf3 e6 6. O-O O-O 7. d3 c6 8. Bb3 d5 9. Qe1 Na6 10. Qg3 Nc5 11. Qh3 Nxb3 12. axb3 f5 13. e5 b6 14. Be3 Bb7 15. d4 a6 16. Ng5 Qe7 17. Na4 b5 18. Nc5 Bc8 19. Bd2 Rf7 20. Bb4 Qe8 21. Nxf7 Nxf7 22. Ra5 Bf8 23. Nd3 Bxb4 24. Nxb4 Bb7 25. Rfa1 Qc8 26. Qc3 Nd8 27. Nd3 Qc7 28. Nc5 Qb6 29. Kh1 b4 30. Qd3 Kf7 31. Qh3 Kg7 32. Nd7 Qxd4 33. Nf6 h5 34. Qg3 Nf7 35. Nxh5+ Kh7 36. Nf6+ Kg7 37. R5a2 Rh8 38. Rf1 c5 39. Raa1 Qxb2 40. Rac1 d4 41. Rg1 a5 42. Ra1 Qxc2 43. Rxa5 d3 44. Ra7 d2 45. Rxb7 d1=Q 46. Qe3 Qd4 47. Qe1 Qcf2 48. Qc1 Rxh2+ 0-1


[Site "https://www.chess.com"]

[Event "Titled Tuesday Blitz November 22 Late 2022"]
[White "Granados Diaz, Maria Esther"]
[Black "Taboas Rodriguez, Daniel"]
[WhiteFideId "6101488"]
[BlackFideId "2208466"]
[WhiteElo "1872"]
[BlackElo "2329"]
[Result "0-1"]
[Round "02"]
[TimeControl "180+1"]
[Date "2022.11.23"]
[WhiteClock "0:00:24"]
[BlackClock "0:00:17"]

1. e4 e5 2. Bc4 Nf6 3. Nf3 Nxe4 4. Qe2 d5 5. Bb3 Nc6 6. d3 Nf6 7. Nxe5 Nxe5 8. Qxe5+ Be6 9. O-O Bd6 10. Qe2 O-O 11. Bg5 Re8 12. Qf3 Be5 13. Nc3 h6 14. Bh4 g5 15. Bg3 Bg4 16. Qe3 d4 17. Qd2 dxc3 18. bxc3 Qd6 19. d4 Bxg3 20. fxg3 Kg7 21. Rf2 Be6 22. Raf1 Bxb3 23. Rxf6 Qxf6 24. Rxf6 Kxf6 25. cxb3 Re6 26. Qf2+ Kg7 27. h4 Rae8 28. d5 Re2 29. Qd4+ Kg6 30. c4 Rxa2 31. Qd3+ Kg7 32. Qc3+ f6 33. h5 Ree2 34. Qd3 Rxg2+ 35. Kf1 Rgf2+ 36. Ke1 f5 37. Qd4+ Kf7 38. d6 Rae2+ 39. Kd1 Rd2+ 40. Qxd2 Rxd2+ 41. Kxd2 cxd6 42. Kd3 Ke6 43. Kd4 b6 44. b4 a5 45. b5 a4 46. Kc3 f4 47. gxf4 gxf4 48. Kb4 f3 49. Kxa4 f2 50. Kb4 f1=Q 51. c5 dxc5+ 52. Ka4 Qf5 53. Ka3 Qxh5 54. Ka4 Qg4+ 55. Ka3 Qb4+ 56. Ka2 Qxb5 57. Ka3 c4 58. Ka2 c3 59. Ka3 c2 60. Ka2 Kd5 61. Ka3 c1=Q+ 62. Ka2 Qcb2# 0-1


[Site "https://www.chess.com"]

[Event "Titled Tuesday Blitz November 22 Late 2022"]
[White "Gritsenko, Nikolai"]
[Black "Shapiro, Daniel"]
[WhiteFideId "14112493"]
[BlackFideId "2001780"]
[WhiteElo "2389"]
[BlackElo "2313"]
[Result "1-0"]
[Round "02"]
[TimeControl "180+1"]
[Date "2022.11.23"]
[WhiteClock "0:00:11"]
[BlackClock "0:00:01"]

1. d4 Nf6 2. Bg5 Ne4 3. h4 c5 4. dxc5 h6 5. Be3 e6 6. Nd2 Nxc5 7. c4 Nc6 8. Ngf3 Be7 9. g3 b6 10. Bg2 Bb7 11. a3 a5 12. b3 d5 13. cxd5 exd5 14. Nd4 O-O 15. O-O Bf6 16. N2f3 Ne4 17. Nxc6 Bxc6 18. Bd4 Rc8 19. Rc1 Qd6 20. Bxf6 Qxf6 21. Qd4 Bb7 22. Qxf6 Nxf6 23. Nd4 Ne4 24. Bh3 Rc3 25. Rxc3 Nxc3 26. Rc1 Ne4 27. Rc7 Ba6 28. Kg2 Re8 29. f3 Nc5 30. Kf2 Kf8 31. Rc6 Rb8 32. Rd6 a4 33. b4 Nb3 34. Rxd5 Bc4 35. Rd7 b5 36. e4 Re8 37. Ke3 Re7 38. Rxe7 Kxe7 39. Bc8 g6 40. Ba6 Kd6 41. Nxb5+ Ke7 42. Nc7 1-0


[Site "https://www.chess.com"]

[Event "Titled Tuesday Blitz November 22 Late 2022"]
[White "Grot, Blazej"]
[Black "Javakhadze, Zurab"]
[WhiteFideId "21835845"]
[BlackFideId "13603647"]
[WhiteElo "1822"]
[BlackElo "2381"]
[Result "0-1"]
[Round "02"]
[TimeControl "180+1"]
[Date "2022.11.23"]
[WhiteClock "0:00:02"]
[BlackClock "0:00:18"]

1. e4 c5 2. Nc3 Nc6 3. Bb5 Nd4 4. Nf3 e6 5. Nxd4 cxd4 6. Ne2 Qb6 7. Ba4 Nf6 8. d3 Qa5+ 9. c3 dxc3 10. bxc3 Be7 11. O-O O-O 12. f4 d5 13. e5 Nd7 14. d4 Nb6 15. Bc2 Bd7 16. f5 exf5 17. Bxf5 Bxf5 18. Rxf5 Nc4 19. Qd3 Qa6 20. Qg3 Qg6 21. Qh3 b5 22. Nf4 Qc6 23. Rh5 h6 24. e6 fxe6 25. Rxh6 gxh6 26. Qg4+ Bg5 27. h4 Rf5 28. hxg5 hxg5 29. Nh5 Qe8 30. Bxg5 Qg6 31. Nf6+ Rxf6 32. Re1 Rf5 33. Rxe6 Qxe6 34. Bh6+ Kf7 35. Qg7+ Ke8 36. Qh8+ Kd7 37. Qxa8 Qe1+ 38. Kh2 Rh5# 0-1


[Site "https://www.chess.com"]

[Event "Titled Tuesday Blitz November 22 Late 2022"]
[White "Gurevich, Dmitry"]
[Black "Makridis, Dimitrios"]
[WhiteFideId "2000407"]
[BlackFideId "25864475"]
[WhiteElo "2506"]
[BlackElo "2272"]
[Result "1-0"]
[Round "02"]
[TimeControl "180+1"]
[Date "2022.11.23"]
[WhiteClock "0:00:38"]
[BlackClock "0:00:02"]

1. d4 d5 2. c4 e6 3. Nc3 h6 4. e3 Nf6 5. Nf3 Bd6 6. Qc2 c6 7. b3 O-O 8. Be2 Nbd7 9. O-O Qe7 10. Bb2 a6 11. a4 e5 12. cxd5 e4 13. Nh4 Nxd5 14. Nf5 Qe6 15. Nxd6 Nxc3 16. Qxc3 Qxd6 17. Ba3 c5 18. dxc5 Qc6 19. b4 Re8 20. b5 axb5 21. axb5 Qg6 22. Bh5 Qxh5 23. Bb2 Ne5 24. Rxa8 f6 25. Qb3+ Kh7 26. Bxe5 1-0


[Site "https://www.chess.com"]

[Event "Titled Tuesday Blitz November 22 Late 2022"]
[White "Guzman Moneo, Alberto"]
[Black "Kalogeris, Ioannis"]
[WhiteFideId "2209616"]
[BlackFideId "4239563"]
[WhiteElo "2157"]
[BlackElo "2312"]
[Result "0-1"]
[Round "02"]
[TimeControl "180+1"]
[Date "2022.11.23"]
[WhiteClock "0:00:06"]
[BlackClock "0:00:40"]

1. e4 c6 2. Nf3 d5 3. d3 Nf6 4. e5 Nfd7 5. d4 e6 6. c4 dxc4 7. Bxc4 Nb6 8. Bb3 N8d7 9. Nc3 c5 10. d5 c4 11. Bc2 exd5 12. Nxd5 Nc5 13. Nxb6 Qxb6 14. O-O Be6 15. Be3 Rd8 16. Qe2 Be7 17. Nd4 O-O 18. Nxe6 Qxe6 19. f4 Nd3 20. b3 b5 21. a4 a6 22. axb5 axb5 23. bxc4 bxc4 24. Rad1 Qf5 25. Rd2 Rd5 26. Rfd1 Rfd8 27. Qf3 Bb4 28. g4 Qd7 29. Rg2 Qb5 30. Qe4 Bc5 31. e6 Bxe3+ 32. Qxe3 Re8 33. f5 fxe6 34. fxe6 Re5 35. Qf3 Qc5+ 36. Kh1 R5xe6 37. h4 Ne1 38. Bxh7+ Kxh7 39. Rxe1 Rxe1+ 40. Kh2 Qd6+ 41. Qf4 Qxf4+ 42. Rg3 R8e2+ 43. Kh3 Rh1# 0-1


[Site "https://www.chess.com"]

[Event "Titled Tuesday Blitz November 22 Late 2022"]
[White "Hardaway, Brewington"]
[Black "Dudzinski, Pawel"]
[WhiteFideId "30941849"]
[BlackFideId "1117890"]
[WhiteElo "2159"]
[BlackElo "2086"]
[Result "1-0"]
[Round "02"]
[TimeControl "180+1"]
[Date "2022.11.23"]
[WhiteClock "0:00:22"]
[BlackClock "0:00:02"]

1. e4 c6 2. c4 d5 3. cxd5 cxd5 4. exd5 Nf6 5. Nc3 g6 6. Nf3 Bg7 7. Bc4 O-O 8. O-O Nbd7 9. d6 exd6 10. d4 Nb6 11. Bb3 d5 12. Bf4 h6 13. Rc1 Be6 14. Ne5 Rc8 15. Qf3 Qe7 16. Rfe1 Rfd8 17. h3 Kh7 18. a3 a6 19. Nd3 Ne4 20. Nxd5 Bxd5 21. Rxc8 Nxc8 22. Bxd5 Rxd5 23. Rxe4 Qd8 24. Be5 f6 25. Bg3 Rxd4 26. Rxd4 Qxd4 27. Qxb7 Qxd3 28. Qxc8 f5 29. Qc1 Qb3 30. Qc7 Qxb2 31. Bd6 Qa1+ 32. Kh2 Qf6 33. a4 Qe6 34. a5 h5 35. Qb6 Kg8 36. Bg3 Qc4 37. Qxg6 f4 38. Qe8+ Kh7 39. Qxh5+ Kg8 40. Qe8+ Kh7 41. Bh4 f3 42. Qh5+ Kg8 43. gxf3 Be5+ 44. Qxe5 Qc7 45. Qxc7 1-0


[Site "https://www.chess.com"]

[Event "Titled Tuesday Blitz November 22 Late 2022"]
[White "Haszon, David"]
[Black "Oganian, Miran"]
[WhiteFideId "733610"]
[BlackFideId "4122488"]
[WhiteElo "2211"]
[BlackElo "2323"]
[Result "0-1"]
[Round "02"]
[TimeControl "180+1"]
[Date "2022.11.23"]
[WhiteClock "0:00:02"]
[BlackClock "0:00:20"]

1. d4 e6 2. Nf3 d5 3. Bf4 Bd6 4. Bg3 Nf6 5. e3 O-O 6. Nbd2 Nbd7 7. c3 Qe7 8. Ne5 Ne8 9. f4 f6 10. Nxd7 Bxd7 11. Nf3 g6 12. Bd3 Ng7 13. Qc2 c5 14. O-O Rac8 15. Rae1 b5 16. Qe2 c4 17. Bb1 f5 18. Bh4 Qf7 19. h3 b4 20. cxb4 c3 21. a3 Qe8 22. Bd3 cxb2 23. Qxb2 Bb5 24. Qe2 Bxd3 25. Qxd3 Qa4 26. Rc1 a5 27. bxa5 Qxa5 28. Bg5 Bxa3 29. Ra1 Rc3 30. Qd2 Rfc8 31. Ra2 Nh5 32. Kh2 Qb4 33. Rfa1 Qd6 34. Rb1 Bc1 35. Qe2 Bxe3 36. g3 Qc7 37. Rbb2 Kg7 38. Qa6 Qd7 39. Rb7 R3c7 40. Rxc7 Rxc7 41. Ne5 Qc8 42. Qe2 Bxd4 43. g4 Nf6 44. Bxf6+ Kxf6 45. gxf5 exf5 46. Qd3 Bxe5 47. fxe5+ Kg7 48. Qxd5 Rc2+ 49. Rxc2 Qxc2+ 50. Kg3 Qc3+ 51. Kg2 f4 52. Qd7+ Kh6 53. e6 Qg3+ 54. Kf1 f3 55. Qd2+ g5 56. e7 Qxh3+ 57. Kg1 Qg4+ 58. Kf1 Qh3+ 59. Kg1 Qe6 60. Qd8 Qe1+ 61. Kh2 Qe2+ 62. Kh3 Qg2# 0-1


[Site "https://www.chess.com"]

[Event "Titled Tuesday Blitz November 22 Late 2022"]
[White "Ibarra Jerez, Jose Carlos"]
[Black "Arngrimsson, Dagur"]
[WhiteFideId "2226332"]
[BlackFideId "2301288"]
[WhiteElo "2638"]
[BlackElo "2286"]
[Result "1-0"]
[Round "02"]
[TimeControl "180+1"]
[Date "2022.11.22"]
[WhiteClock "0:00:40"]
[BlackClock "0:00:10"]

1. e4 c5 2. Be2 g6 3. d3 Bg7 4. f4 e6 5. Nf3 Ne7 6. c3 O-O 7. O-O b5 8. Be3 d6 9. a3 Bb7 10. Nbd2 Nd7 11. d4 a6 12. Bd3 cxd4 13. cxd4 d5 14. e5 Nf5 15. Bf2 h5 16. g3 Nb6 17. Nb3 Nc4 18. Qe2 Rc8 19. Nc5 Qe7 20. b3 Na5 21. b4 Nc4 22. h3 a5 23. g4 hxg4 24. hxg4 Nh6 25. Bh4 Qc7 26. Nh2 axb4 27. axb4 Ra8 28. Rxa8 Rxa8 29. Bf6 Ra3 30. g5 Nf5 31. Ng4 Nxd4 32. Qh2 Rxd3 33. Bxg7 Rg3+ 34. Kh1 Kxg7 35. Qh6+ 1-0


[Site "https://www.chess.com"]

[Event "Titled Tuesday Blitz November 22 Late 2022"]
[White "Ivic, Velimir"]
[Black "Yurovskykh, Oleksandr"]
[WhiteFideId "950122"]
[BlackFideId "14134020"]
[WhiteElo "2851"]
[BlackElo "2563"]
[Result "1-0"]
[Round "02"]
[TimeControl "180+1"]
[Date "2022.11.23"]
[WhiteClock "0:00:51"]
[BlackClock "0:00:33"]

1. d4 d5 2. c4 e6 3. Nf3 Nf6 4. g3 Bb4+ 5. Bd2 Be7 6. Bg2 O-O 7. O-O c6 8. Qc2 Nbd7 9. b3 b6 10. Nc3 Ba6 11. e4 dxc4 12. Rfe1 cxb3 13. axb3 Bb7 14. h4 c5 15. e5 Nd5 16. Ne4 h6 17. Qc1 Kh7 18. Qb1 Kh8 19. g4 cxd4 20. g5 h5 21. g6 fxg6 22. Neg5 Rf5 23. Nxe6 Qg8 24. Nexd4 Raf8 25. Nxf5 Rxf5 26. e6 Nc5 27. Nd4 Qf8 28. Nxf5 gxf5 29. Bg5 Nc3 30. Bxe7 Qxe7 31. Qxf5 Bxg2 32. Kxg2 1-0


[Site "https://www.chess.com"]

[Event "Titled Tuesday Blitz November 22 Late 2022"]
[White "Jarmula, Lukasz"]
[Black "Deac, Bogdan-Daniel"]
[WhiteFideId "1160664"]
[BlackFideId "1226380"]
[WhiteElo "2357"]
[BlackElo "2648"]
[Result "0-1"]
[Round "02"]
[TimeControl "180+1"]
[Date "2022.11.22"]
[WhiteClock "0:00:01"]
[BlackClock "0:00:05"]

1. e4 c6 2. d4 d5 3. Nd2 a6 4. Ngf3 Bg4 5. c3 e6 6. Bd3 Nf6 7. e5 Nfd7 8. O-O c5 9. Qe2 Nc6 10. Qe3 Be7 11. a3 a5 12. h3 Bh5 13. Re1 O-O 14. Nf1 Bxf3 15. Qxf3 cxd4 16. cxd4 Nxd4 17. Qg4 Nc6 18. Bh6 g6 19. Bf4 Re8 20. Rad1 Bf8 21. Nh2 Bg7 22. Nf3 Qb6 23. h4 h5 24. Qg3 Ne7 25. Ng5 Rac8 26. Be3 Qc7 27. Bd4 Nf8 28. Qf3 Nc6 29. Qe3 Nxd4 30. Qxd4 Qc5 31. Qf4 Qe7 32. Re3 Bh6 33. Rg3 Nh7 34. Re1 Nxg5 35. hxg5 Bg7 36. Rf3 Rc5 37. Qe3 Rec8 38. Kh2 Qc7 39. g3 Rc1 40. Rxc1 Qxc1 41. Qb6 Qc7 42. Qd4 Bxe5 43. Qe3 Bxb2 44. Rf4 Be5 45. Rh4 Bg7 46. Qf3 Qe7 47. Rf4 Rf8 48. Be2 e5 49. Ra4 e4 50. Qf4 Be5 51. Qe3 Qc7 52. f4 Bg7 53. Qf2 Qc6 0-1


[Site "https://www.chess.com"]

[Event "Titled Tuesday Blitz November 22 Late 2022"]
[White "Jobava, Baadur"]
[Black "Guzman, Christopher"]
[WhiteFideId "13601520"]
[BlackFideId "6405096"]
[WhiteElo "2582"]
[BlackElo "2272"]
[Result "1-0"]
[Round "02"]
[TimeControl "180+1"]
[Date "2022.11.22"]
[WhiteClock "0:00:18"]
[BlackClock "0:00:44"]

1. e4 e5 2. Nf3 Nc6 3. Bc4 Be7 4. d3 Nf6 5. Nc3 O-O 6. a4 d6 7. h3 Be6 8. O-O Qd7 9. a5 a6 10. Re1 Rae8 11. b3 Bd8 12. Bg5 h6 13. Bxf6 Bxf6 14. Ne2 g6 15. Ng3 Bg7 16. c3 Kh7 17. b4 d5 18. Bb3 f5 19. Ba4 Qd6 20. b5 axb5 21. Bxb5 Ra8 22. a6 bxa6 23. Bxc6 Qxc6 24. exf5 Bxf5 25. Nxe5 Qxc3 26. Rc1 Qa5 27. Nxf5 Rxf5 28. d4 Raf8 29. Qg4 Bxe5 30. dxe5 Rxf2 31. e6 Qb6 32. Kh1 R2f6 33. e7 Re8 34. Qd7 Qb8 35. Rxc7 Rf7 36. Qxd5 Kg7 37. Rd7 Qb4 38. Qe5+ Kg8 39. Rd8 Qa4 40. Re4 Qc6 41. Qe6 Qc1+ 42. Kh2 Qc7+ 43. Re5 Rxd8 44. Qxg6+ Rg7 45. exd8=Q+ Qxd8 46. Re8+ 1-0


[Site "https://www.chess.com"]

[Event "Titled Tuesday Blitz November 22 Late 2022"]
[White "Kamsky, Gata"]
[Black "Aghasiyev, Kamal"]
[WhiteFideId "2000024"]
[BlackFideId "13402854"]
[WhiteElo "2859"]
[BlackElo "2574"]
[Result "1-0"]
[Round "02"]
[TimeControl "180+1"]
[Date "2022.11.23"]
[WhiteClock "0:01:30"]
[BlackClock "0:00:16"]

1. e4 e5 2. Nf3 Nc6 3. Bb5 a6 4. Ba4 Nf6 5. O-O b5 6. Bb3 Bc5 7. c3 d6 8. a4 Rb8 9. axb5 axb5 10. d4 Bb6 11. h3 O-O 12. Be3 h6 13. Nbd2 Re8 14. Re1 Na5 15. Bc2 Nc4 16. Nxc4 bxc4 17. dxe5 Bxe3 18. Rxe3 dxe5 19. Qxd8 Rxd8 20. Nxe5 Rxb2 21. Bd1 Be6 22. Be2 Rdd2 23. Re1 Nd7 24. Nf3 Rd6 25. Nd4 g5 26. Nxe6 fxe6 27. e5 Rdd2 28. Bxc4 Kf7 29. Rf3+ Ke7 30. g3 Nb6 31. Bd3 Nd5 32. Bg6 Re2 33. Rf7+ Kd8 34. Ra1 Kc8 35. c4 Nf4 36. gxf4 Rxf2 37. Be4 1-0


[Site "https://www.chess.com"]

[Event "Titled Tuesday Blitz November 22 Late 2022"]
[White "Kaplan, Avi Harrison"]
[Black "Roque Sola, Jose Luis"]
[WhiteFideId "30934559"]
[BlackFideId "5120390"]
[WhiteElo "1983"]
[BlackElo "2117"]
[Result "1-0"]
[Round "02"]
[TimeControl "180+1"]
[Date "2022.11.23"]
[WhiteClock "0:01:58"]
[BlackClock "0:01:14"]

1. d4 Nf6 2. c4 g6 3. Nc3 d5 4. cxd5 Nxd5 5. Bd2 Bg7 6. e4 Nxc3 7. Bxc3 O-O 8. Qd2 c5 9. d5 e5 10. h4 h5 11. f3 b6 12. O-O-O Ba6 13. Bxa6 Nxa6 14. g4 Kh7 15. Kb1 b5 16. gxh5 gxh5 17. Ba5 Qd6 18. Nh3 f6 19. Rhg1 Bh6 20. Qe2 c4 21. f4 exf4 22. Qxh5 Qe5 23. Qg6+ 1-0


[Site "https://www.chess.com"]

[Event "Titled Tuesday Blitz November 22 Late 2022"]
[White "Keymer, Vincent"]
[Black "Sokolovsky, Yahli"]
[WhiteFideId "12940690"]
[BlackFideId "2820242"]
[WhiteElo "2600"]
[BlackElo "2316"]
[Result "1-0"]
[Round "02"]
[TimeControl "180+1"]
[Date "2022.11.22"]
[WhiteClock "0:00:09"]
[BlackClock "0:00:06"]

1. g3 g6 2. Bg2 Bg7 3. d4 d5 4. Nf3 Bf5 5. O-O Nf6 6. c4 c6 7. cxd5 cxd5 8. Nc3 O-O 9. Qb3 Qb6 10. Nxd5 Nxd5 11. Qxd5 Nc6 12. e3 Nb4 13. Qb3 Nc2 14. Bd2 Nxa1 15. Rxa1 Qxb3 16. axb3 Be4 17. Bc3 a6 18. b4 Rac8 19. Ne1 Bxg2 20. Kxg2 Rfd8 21. Nd3 e5 22. Nxe5 Bxe5 23. dxe5 Kf8 24. g4 Ke7 25. f4 Ke6 26. Kf3 Kd5 27. h4 Ke6 28. h5 gxh5 29. f5+ Ke7 30. gxh5 Rg8 31. Kf4 Rcd8 32. Bd4 Rg2 33. Rc1 Kd7 34. Rc5 Rdg8 35. Rd5+ Kc6 36. Rd6+ Kb5 37. e6 fxe6 38. Rxe6 Kxb4 39. Rb6+ Kc4 40. Rxb7 Kd5 41. Rd7+ Kc6 42. Rxh7 Kd5 43. Rd7+ Kc6 44. Re7 Kd5 45. Re5+ Kd6 46. Re6+ Kd5 47. Rg6 Rf2+ 48. Kg3 Rxg6+ 49. fxg6 Rf1 50. g7 Rg1+ 51. Kf2 Rg5 52. h6 1-0


[Site "https://www.chess.com"]

[Event "Titled Tuesday Blitz November 22 Late 2022"]
[White "Kleiman, Jake"]
[Black "Drygalov, Sergey"]
[WhiteFideId "2020041"]
[BlackFideId "24171743"]
[WhiteElo "2623"]
[BlackElo "2528"]
[Result "0-1"]
[Round "02"]
[TimeControl "180+1"]
[Date "2022.11.22"]
[WhiteClock "0:00:04"]
[BlackClock "0:00:18"]

1. e4 c5 2. c3 Nf6 3. e5 Nd5 4. Bc4 e6 5. Nf3 Nc6 6. O-O d6 7. d4 cxd4 8. cxd4 Be7 9. Qe2 O-O 10. a3 Bd7 11. Rd1 Rc8 12. Bd2 Qb6 13. Bxd5 exd5 14. Nc3 Be6 15. exd6 Bxd6 16. Be3 Qb3 17. h3 h6 18. Qb5 Qxb5 19. Nxb5 Be7 20. Bf4 Rfd8 21. Rac1 a6 22. Nc3 b5 23. Ne5 Na5 24. Na2 Nc4 25. Rc2 Bf5 26. Re2 Bf6 27. Nb4 a5 28. Nbd3 Re8 29. Rde1 Bxd3 30. Nxd3 Rxe2 31. Rxe2 Bxd4 32. Rc2 a4 33. Bc1 Bf6 34. Nb4 d4 35. Kf1 Rd8 36. Ke2 Re8+ 37. Kd3 Re1 38. f4 Rd1+ 39. Ke4 Nd6+ 40. Kd5 Nf5 41. Rc8+ Kh7 42. g4 Ne3+ 43. Ke4 Nc4 44. g5 Nd6+ 45. Kd5 Nxc8 46. gxf6 Rxc1 0-1


[Site "https://www.chess.com"]

[Event "Titled Tuesday Blitz November 22 Late 2022"]
[White "Klenburg, Michael"]
[Black "Acosta Cruz, Oscar Yosimar"]
[WhiteFideId "14102072"]
[BlackFideId "5111269"]
[WhiteElo "2405"]
[BlackElo "2147"]
[Result "1-0"]
[Round "02"]
[TimeControl "180+1"]
[Date "2022.11.23"]
[WhiteClock "0:01:27"]
[BlackClock "0:01:23"]

1. e4 c5 2. d3 d6 3. g3 g6 4. Bg2 Bg7 5. f4 e6 6. Nf3 Ne7 7. O-O O-O 8. c3 Nbc6 9. Be3 b6 10. Bf2 Rb8 11. Re1 Bb7 12. a4 d5 13. e5 a6 14. Nbd2 b5 15. Bxc5 Re8 16. axb5 axb5 17. b4 Ra8 18. Nb3 Qd7 19. Bf2 h5 20. h3 Qc7 21. Nc5 Nc8 22. g4 hxg4 23. hxg4 Nb6 24. Qd2 Bf8 25. Nxb7 Qxb7 26. Rxa8 Rxa8 27. f5 Ra3 28. Qg5 exf5 29. gxf5 Ne7 30. Nd4 Rxc3 31. e6 Rxd3 32. exf7+ Kxf7 33. fxg6+ Nxg6 34. Qf5+ 1-0


[Site "https://www.chess.com"]

[Event "Titled Tuesday Blitz November 22 Late 2022"]
[White "Koellner, Ruben Gideon"]
[Black "Zhigalko, Sergei"]
[WhiteFideId "12993093"]
[BlackFideId "13502956"]
[WhiteElo "2600"]
[BlackElo "2874"]
[Result "0-1"]
[Round "02"]
[TimeControl "180+1"]
[Date "2022.11.23"]
[WhiteClock "0:02:26"]
[BlackClock "0:02:43"]

1. d4 Nf6 2. Nf3 e6 3. Nbd2 d5 4. e3 b6 5. c3 Bb7 6. Bd3 Bd6 7. Ne5 O-O 8. f4 Ne4 9. Qf3 f5 10. O-O Nd7 11. Qh3 Ndf6 12. Ndf3 Qe7 13. Bd2 Bxe5 14. fxe5 Ng4 15. Qh4 Qxh4 16. Nxh4 Nxd2 0-1


[Site "https://www.chess.com"]

[Event "Titled Tuesday Blitz November 22 Late 2022"]
[White "Korchmar, Vasiliy"]
[Black "Onslow, Alfie"]
[WhiteFideId "24131750"]
[BlackFideId "436976"]
[WhiteElo "2370"]
[BlackElo "2015"]
[Result "0-1"]
[Round "02"]
[TimeControl "180+1"]
[Date "2022.11.23"]
[WhiteClock "0:00:01"]
[BlackClock "0:00:56"]

1. e4 g6 2. d4 Bg7 3. Nc3 c6 4. Be3 d5 5. e5 h5 6. Qd2 Nh6 7. O-O-O Qa5 8. Kb1 b5 9. Bd3 b4 10. Nce2 Bf5 11. Nc1 e6 12. Bxf5 Nxf5 13. Nd3 Na6 14. Ne2 Nxe3 15. fxe3 Bh6 16. Rhf1 c5 17. dxc5 Nxc5 18. Nxc5 Qxc5 19. Nd4 a5 20. Rf6 O-O 21. Rdf1 Bg7 22. R6f2 Bxe5 23. Qd3 Bg7 24. h3 e5 25. Nb3 Qc6 26. g4 h4 27. g5 a4 28. Nc1 e4 29. Qd2 a3 30. Rf6 Bxf6 31. Rxf6 Qc4 32. b3 Qc3 33. Qxc3 bxc3 34. Ne2 Rfc8 35. Rd6 Rc5 36. Nf4 d4 37. Rxd4 Rxg5 38. Rd1 Rg3 39. Nd5 Rd8 0-1


[Site "https://www.chess.com"]

[Event "Titled Tuesday Blitz November 22 Late 2022"]
[White "Koutlas, Nikolaos"]
[Black "Todev, Simeon"]
[WhiteFideId "25827138"]
[BlackFideId "2925133"]
[WhiteElo "2167"]
[BlackElo "1938"]
[Result "1-0"]
[Round "02"]
[TimeControl "180+1"]
[Date "2022.11.23"]
[WhiteClock "0:00:43"]
[BlackClock "0:00:10"]

1. Nf3 d5 2. b3 Bf5 3. Bb2 Nf6 4. g3 g6 5. Bg2 Bg7 6. O-O O-O 7. d3 Nbd7 8. Nbd2 Re8 9. Re1 e5 10. e4 dxe4 11. dxe4 Bg4 12. h3 Bxf3 13. Nxf3 c6 14. Bf1 Qc7 15. Bc4 Rad8 16. Qe2 Nb6 17. Bd3 h6 18. a4 c5 19. a5 Nc8 20. Bc4 Nd6 21. Bxe5 Nfxe4 22. Qxe4 Rxe5 23. Bxf7+ Nxf7 24. Nxe5 Nxe5 25. Rad1 Rxd1 26. Rxd1 Kh7 27. a6 bxa6 28. h4 Qf7 29. Rd6 h5 30. Rxa6 Ng4 31. f3 Bd4+ 32. Kg2 Ne3+ 33. Kh2 Nf5 34. Re6 Qc7 35. f4 Bf2 36. g4 hxg4 37. h5 g3+ 38. Kh3 Qc8 39. hxg6+ Kg7 40. Qxf5 Qh8+ 41. Kg4 Qf8 42. Qxf8+ Kxf8 43. Kf3 Kg7 44. f5 a5 45. Re7+ Kf6 46. Rf7+ Kg5 47. g7 1-0


[Site "https://www.chess.com"]

[Event "Titled Tuesday Blitz November 22 Late 2022"]
[White "Kovacevic, Radmila"]
[Black "Boyer, Mahel"]
[WhiteFideId "933171"]
[BlackFideId "45102422"]
[WhiteElo "2208"]
[BlackElo "2454"]
[Result "1-0"]
[Round "02"]
[TimeControl "180+1"]
[Date "2022.11.23"]
[WhiteClock "0:00:25"]
[BlackClock "0:00:01"]

1. e4 Nc6 2. d4 d5 3. exd5 Qxd5 4. Nf3 Bg4 5. Be2 O-O-O 6. O-O Bxf3 7. Bxf3 Qxd4 8. Qe2 Ne5 9. Bxb7+ Kxb7 10. Qb5+ Ka8 11. Nc3 Rb8 12. Be3 Rxb5 13. Bxd4 Ra5 14. b4 Nc6 15. bxa5 Nxd4 16. Rad1 e5 17. Nb5 Bd6 18. Nxd6 cxd6 19. c3 Ne2+ 20. Kh1 Nxc3 21. Rxd6 Nf6 22. f3 e4 23. fxe4 Ncxe4 24. Rc6 Kb7 25. Rfc1 Nd5 26. a6+ Kb8 27. a4 Rd8 28. Rb1+ Ka8 29. Rbc1 Ne7 30. Rc7 Nf2+ 31. Kg1 Nd3 32. R1c3 Re8 33. Rxe7 Rd8 34. Rd7 1-0


[Site "https://www.chess.com"]

[Event "Titled Tuesday Blitz November 22 Late 2022"]
[White "Kulkarni, Rakesh"]
[Black "Kopylov, Alexander A."]
[WhiteFideId "5037077"]
[BlackFideId "4164857"]
[WhiteElo "2246"]
[BlackElo "2436"]
[Result "0-1"]
[Round "02"]
[TimeControl "180+1"]
[Date "2022.11.23"]
[WhiteClock "0:00:05"]
[BlackClock "0:00:10"]

1. e4 e5 2. d4 exd4 3. Qxd4 Nc6 4. Qe3 Nf6 5. Nc3 Bb4 6. Bd2 O-O 7. O-O-O Re8 8. Qg3 d6 9. f3 Be6 10. h4 Kh8 11. h5 h6 12. Qf2 Bc5 13. Qe1 Ne5 14. Be2 Nc4 15. Bxc4 Bxc4 16. g4 Nh7 17. Nh3 d5 18. g5 hxg5 19. Qg3 f6 20. exd5 Be3 21. Nf2 Qd6 22. Qg2 f5 23. Kb1 b5 24. b3 b4 25. Na4 Bxd5 26. Bxe3 Rxe3 27. h6 gxh6 28. Qh3 Rf8 29. Rxd5 Qxd5 30. Qxh6 Qg8 31. Nc5 Qg7 32. Qh5 Rfe8 33. Nfd3 g4 34. Ne4 R3xe4 35. fxe4 Rg8 36. exf5 g3 37. f6 Qg6 38. f7 Qxh5 39. fxg8=Q+ Kxg8 40. Rxh5 g2 41. Rd5 g1=Q+ 42. Kb2 Qg7+ 43. Kb1 Qc3 44. Rc5 Qg7 45. Nxb4 Nf6 46. Nd3 Ne4 47. Rc6 Nc3+ 48. Kc1 Qg5+ 49. Kb2 Nd1+ 50. Kb1 Qg1 51. Rxc7 Ne3+ 52. Kb2 Qh2 53. Rc8+ Kf7 54. a4 Qh6 55. Rc7+ Ke8 56. Rxa7 Qc6 57. Nb4 Qf6+ 58. c3 Nd1+ 59. Ka3 Qxc3 60. Ra8+ Kd7 61. Ra7+ Kc8 62. Ra8+ Kb7 63. Rd8 Qb2# 0-1


[Site "https://www.chess.com"]